 Dungeon Crawl Stone Soup version 0.28-a0-906-g0406aca7d3 (webtiles) character file.

Game seed: 9541094795558176569

541 vineage the Fighter (level 7, -2/50 HPs)
             Began as a Gargoyle Fighter on Nov 23, 2021.
             Slain by an ogre (7 damage)
             ... in the Ecumenical Temple.
             The game lasted 00:04:07 (4440 turns).

vineage the Fighter (Gargoyle Fighter)              Turns: 4440, Time: 00:04:07

Health: -2/50      AC: 12    Str: 19    XL:     7   Next: 26%
Magic:  7/7        EV:  9    Int:  9    God:
Gold:   173        SH:  4    Dex: 11    Spells: 6/6 levels left

rFire   . . .      SeeInvis .   a - +0 flail
rCold   . . .      Faith    .   c - +0 buckler
rNeg    + . .      Spirit   .   b - +0 scale mail
rPois   ∞          Reflect  .   (no helmet)
rElec   +          Harm     .   (no cloak)
rCorr   .          Rampage  .   (no gloves)
Will    .....                   g - +0 pair of boots
Stlth   ..........              (no amulet)
HPRegen 0.16/turn               (no ring)
MPRegen 0.10/turn               (no ring)

@: no status effects
A: sickness immunity, AC +4, negative energy resistance 1, electricity
resistance, torment resistance 1, petrification resistance
a: no special abilities


You were in the Ecumenical Temple.
You visited 2 branches of the dungeon, and saw 5 of its levels.

You collected 173 gold pieces.

Inventory:

Hand Weapons
 a - a +0 flail (weapon)
Armour
 b - a +0 scale mail (worn)
 c - a +0 buckler (worn)
 g - a +0 pair of boots (worn)
Wands
 d - a wand of flame (5)
 e - a wand of paralysis (12)
Scrolls
 h - a scroll of teleportation
 j - a scroll of magic mapping {unknown}


   Skills:
 + Level 8.9 Fighting
 - Level 2.0 Maces & Flails
 - Level 3.2 Armour
 - Level 3.2 Shields


You had 6 spell levels left.
You didn't know any spells.
Your spell library contained the following spells:

 Spells                   Type           Power      Damage    Failure   Level
 Conjure Flame            Conj/Fire      0%         6-21      98%         3
 Ignite Poison            Fire/Tmut/Pois 0%         N/A       98%         3
 Sticky Flame             Conj/Fire      0%         2d3       100%        4


Dungeon Overview and Level Annotations

Branches:
Dungeon (4/15)             Temple (1/1) D:4

Altars:
Cheibriados
Dithmenos
Kikubaaqudgha
Okawaru
Qazlal
Vehumet
Zin

Annotations:
D:3 Grinder


Innate Abilities, Weirdness & Mutations

You are immune to sickness and miasma.
Your stone body is resilient. (AC +4)
You are immune to poison.
You resist negative energy. (rN+)
You are resistant to electric shocks. (rElec)
You are resistant to unholy torment.
You are immune to petrification.


Message History

No target in view!
No target in view!
No target in view!
No target in view!
No target in view!
No target in view!
No target in view!
No target in view!
No target in view!
No target in view!
Items here: )))) [ ††.
Found a staircase to the Ecumenical Temple.
An ogre comes into view. It is wielding a +0 giant spiked club.
The ogre shouts!
There is a staircase to the Ecumenical Temple here.
f - a potion of curing You see here a red potion.
The ogre barely misses you.
There is a staircase to the Ecumenical Temple here.
The ogre hits you with a +0 giant spiked club!
You climb downwards.
Welcome to the Ecumenical Temple!
Found six altars.
There is a staircase back to the Dungeon here.
You closely miss the ogre.
The ogre hits you with a +0 giant spiked club!!
You are too injured to fight recklessly!
You are too injured to fight recklessly!
You are too injured to fight recklessly!
You are too injured to fight recklessly!
You feel better.
The ogre hits you with a +0 giant spiked club!!
* * * LOW HITPOINT WARNING * * *
You closely miss the ogre. You block the ogre's attack.
You sock the ogre!
The ogre is moderately wounded.
The ogre hits you but does no damage.
You hit the ogre.
The ogre is heavily wounded.
The ogre hits you with a +0 giant spiked club!
You die...

...............
......._.......
...............
...............
...............
..._......._...
......O........
.......@.......
...............
._..........._.
...............
......._.......
...............
...............
...............


You could see an ogre.

Vanquished Creatures
  An ice beast (D:3)
  An ogre (D:4)
  A gnoll sergeant (D:3)
  A scorpion (D:4)
  A hound (D:4)
  Terence (D:2)
  Jessica (D:3)
  A hound skeleton (D:4)
  An adder (D:2)
  7 gnolls (D:3)
  An adder skeleton (D:4)
  A dart slug (D:1)
  4 orcs (D:4)
  6 endoplasms
  2 giant cockroaches
  4 goblins
  4 hobgoblins
  8 kobolds
  6 quokkas
  9 ball pythons
  5 bats
  3 frilled lizards
  7 rats
76 creatures vanquished.

Notes
Turn   | Place    | Note
-------+----------+-------------------------------------------
     0 | D:1      | vineage the Gargoyle Fighter began the quest for the Orb.
     0 | D:1      | Reached XP level 1. HP: 14/14 MP: 1/1
    98 | D:1      | Reached XP level 2. HP: 13/20 MP: 2/2
   321 | D:1      | Reached skill level 4 in Fighting
   586 | D:1      | Reached XP level 3. HP: 24/24 MP: 3/3
   903 | D:2      | Reached skill level 5 in Fighting
  1119 | D:2      | Noticed Terence
  1132 | D:2      | Killed Terence
  1133 | D:2      | Reached XP level 4. HP: 8/31 MP: 4/4
  1878 | D:2      | Found a faded altar of an unknown god.
  2167 | D:3      | Found a radiant altar of Vehumet.
  2167 | D:3      | Noticed Jessica
  2175 | D:3      | Killed Jessica
  2176 | D:3      | Reached skill level 6 in Fighting
  2298 | D:3      | Noticed a gnoll sergeant
  2319 | D:3      | Reached XP level 5. HP: 23/36 MP: 5/5
  2586 | D:3      | Noticed an ice beast
  2612 | D:3      | Killed an ice beast
  2613 | D:3      | Reached skill level 7 in Fighting
  2613 | D:3      | Reached XP level 6. HP: 39/44 MP: 6/6
  2618 | D:3      | HP: 2/44 [gnoll sergeant (11)]
  3592 | D:3      | Noticed Grinder
  3601 | D:3      | Paralysed by Grinder for 3 turns
  3620 | D:3      | Paralysed by Grinder for 3 turns
  3702 | D:3      | Paralysed by Grinder for 2 turns
  3955 | D:4      | Reached skill level 8 in Fighting
  4061 | D:4      | Reached XP level 7. HP: 34/50 MP: 7/7
  4409 | D:4      | Found a staircase to the Ecumenical Temple.
  4435 | Temple   | Entered the Ecumenical Temple
  4440 | Temple   | Slain by an ogre

Illustrated notes

Levels and vault maps discovered:
D:1:      scummos_arrival_hexagon, layout_loops_cross, serial_glass,
          glass_columns_b, glass_columns_a, nrook_mini_backslash
D:2:      layout_loops_corners, dilly_ecumenical_altar_fadedgnrine, uniq_terence
D:3:      layout_basic, amcnicky_altar_gilded, uniq_grinder, uniq_jessica
D:4:      layout_rooms, minmay_temple_entry_gardened_gates
Temple:   compressed_dpeg_triangle_lava_temple

Skill      XL: |  1  2  3  4  5  6 |
---------------+-------------------+-----
Fighting       | 4 5 6 7 8 |  8.9
Maces & Flails | |  2.0
Armour         | |  3.2
Shields        | |  3.2

Action                   |  1- 3 |  4- 6 |  7- 9 || total
-------------------------+-------+-------+-------++-------
Melee: Flail             |   116 |   130 |    34 ||   280
  Use: Scroll            |     3 |     5 |       ||     8
       Potion            |     1 |     2 |     1 ||     4
Armor: Scale mail        |    65 |    60 |    16 ||   141
Dodge: Dodged            |    68 |    49 |    13 ||   130
Block: Buckler           |    31 |    30 |     8 ||    69

Table legend: (Time is in decaauts)
 A = Elapsed time spent in this place.
 B = Non-inter-level travel time spent in this place.
 C = Inter-level travel time spent in this place.
 D = Time resting spent in this place.
 E = Time spent auto-exploring this place.
 F = Levels seen in this place.
 G = Mean time per level.
                   A        B        C        D        E       F      G
               +--------+--------+--------+--------+--------+-----+--------+
         Total |   4538 |   4492 |     46 |   1043 |   2717 |   5 |  907.6 |
       Dungeon |   4532 |   4486 |     46 |   1043 |   2717 |   4 | 1133.0 |
        Temple |      5 |      5 |      0 |      0 |      0 |   1 |    5.0 |
               +--------+--------+--------+--------+--------+-----+--------+

Top non-repeatable levels by time:
     D:3: 1645 daAuts
     D:2: 1334 daAuts
     D:1: 808 daAuts
     D:4: 744 daAuts
  Temple: 5 daAuts
